 Dungeon Crawl Stone Soup version 0.19.0-19-g8c6edcc (webtiles) character file.

295 Charly the Cleaver (level 6, 0/51 HPs)
             Began as a Minotaur Berserker on Nov 15, 2016.
             Was a Believer of Trog.
             Slain by a sky beast (3 damage)
             ... on level 8 of the Dungeon.
             The game lasted 00:05:13 (701 turns).

Charly the Cleaver (Minotaur Berserker)              Turns: 701, Time: 00:05:13

Health: 0/51       AC:  5    Str: 21    XL:     6   Next: 11%
Magic:  5/5        EV: 11    Int:  4    God:    Trog [**....]
Gold:   81         SH:  0    Dex: 12    Spells: 0 memorised, 5 levels left

rFire  . . .     SeeInvis .     a - +0 hand axe
rCold  . . .     Gourm    .     f - +0 ring mail
rNeg   . . .     Faith    .     (no shield)
rPois  .         Spirit   .     (helmet restricted)
rElec  .         Reflect  .     (no cloak)
rCorr  +         Harm     .     (no gloves)
MR     +....                    (no boots)
Stlth  +.........               (no amulet)
                                u - ring of resist corrosion
                                d - ring of protection from magic

@: exhausted
A: retaliatory headbutt, horns 2
a: Berserk, Trog's Hand, Burn Spellbooks, Renounce Religion


You were on level 8 of the Dungeon.
You worshipped Trog.
Trog was pleased with you.
You were hungry.

You visited 1 branch of the dungeon, and saw 8 of its levels.

You collected 81 gold pieces.

Inventory:

Hand Weapons
 a - a +0 hand axe (weapon)
Armour
 f - a +0 ring mail (worn)
Jewellery
 d - a ring of protection from magic (left hand)
 u - a ring of resist corrosion (right hand)
Wands
 t - a wand of lightning (6/15)
 v - a wand of iceblast (4/15)
Scrolls
 g - 3 scrolls of teleportation {unknown}
 h - a scroll of blinking {unknown}
 k - 2 scrolls of recharging {unknown}
 l - 2 scrolls of identify {unknown}
 m - a scroll of enchant weapon {unknown}
 o - 2 scrolls of random uselessness {unknown}
 r - a scroll of enchant armour {unknown}
 s - 2 scrolls of fog {unknown}
Potions
 b - a potion of invisibility {unknown}
 e - a potion of curing {unknown}
 i - a potion of lignification {unknown}
 p - a potion of haste {unknown}
 q - a potion of resistance {unknown}
Comestibles
 c - 2 bread rations
 j - 2 royal jellies
 n - 3 chunks of flesh


   Skills:
 - Level 3.6 Fighting
 + Level 8.3 Axes
 - Level 2.4 Armour
 - Level 2.1 Dodging


You had 5 spell levels left.
You didn't know any spells.

Dungeon Overview and Level Annotations

Branches:
Dungeon (8/15)
 Temple: D:4-7         Lair: D:8-11

Altars:
Nemelex Xobeh
Trog

Shops:
D:4 }


Innate Abilities, Weirdness & Mutations

You reflexively headbutt those who attack you in melee.
You have a pair of horns on your head.


Message History

Unknown command.
You hit the sky beast but do no damage. Your headbutt misses the sky beast.
The sky beast is severely wounded.
The sky beast barely misses you.
Unknown command.
You hit the sky beast but do no damage. Your headbutt misses the sky beast.
The sky beast is severely wounded.
The sky beast barely misses you.
Unknown command.
You hit the sky beast.
The sky beast is almost dead.
The sky beast hits you.
* * * LOW HITPOINT WARNING * * *
The sky beast shocks you.
* * * LOW HITPOINT WARNING * * *
Unknown command.
You hit the sky beast but do no damage. Your headbutt misses the sky beast.
The sky beast is almost dead.
The sky beast hits you.
You die...

### ## ####...
..###.....
........#
#....%.# ########
#......#
##.......
#.....%##
#........
##.....Y.#
#..######
##......@.##
##..#####
#..........#
##......
#..#####..##
##..... #. #..##
#####. # #...##
#. ##....#######
## #...........##
# #.............#
##
#...##......#..##
#.


You could see a sky beast.

Vanquished Creatures
  A black bear (D:8)
  An orc priest (D:6)
  An orc wizard (D:6)
  2 iguanas
  A worker ant (D:3)
  3 adders
  3 leopard geckos
  8 orcs
  6 goblins
  3 hobgoblins
  4 jackals (D:3)
  A bat (D:1)
  A frilled lizard (D:1)
  2 kobolds
  A quokka zombie (D:6)
  A rat (D:1)
39 creatures vanquished.

Notes
Turn   | Place    | Note
-------+----------+-------------------------------------------
     0 | D:1      | Charly the Minotaur Berserker began the quest for the Orb.
     0 | D:1      | Reached XP level 1. HP: 19/19 MP: 0/0
     2 | D:1      | Noticed an octopode
     2 | D:1      | Noticed a ghoul
     6 | D:1      | Noticed a naga
     6 | D:1      | Noticed a draconian
     8 | D:1      | Noticed a formicid
    10 | D:1      | Noticed a human
    12 | D:1      | Noticed a dwarf
    14 | D:1      | Noticed an elf
    16 | D:1      | Noticed a vine stalker
    16 | D:1      | Noticed a troll
    18 | D:1      | Noticed a gargoyle
    18 | D:1      | Noticed an ogre
    20 | D:1      | Noticed a minotaur
    20 | D:1      | Noticed a merfolk
    22 | D:1      | Noticed a demigod
    22 | D:1      | Noticed a felid
    24 | D:1      | Noticed a demonspawn
    24 | D:1      | Noticed a vampire
    26 | D:1      | Noticed a centaur
    26 | D:1      | Noticed a spriggan
    28 | D:1      | Noticed a halfling
    28 | D:1      | Noticed a tengu
    58 | D:1      | Reached skill level 4 in Axes
    64 | D:1      | Reached XP level 2. HP: 26/26 MP: 1/1
   242 | D:3      | Reached skill level 5 in Axes
   285 | D:3      | Reached XP level 3. HP: 27/31 MP: 2/2
   364 | D:3      | Reached XP level 4. HP: 39/39 MP: 3/3
   425 | D:4      | Found Teil's Gadget Boutique.
   437 | D:5      | Entered Level 5 of the Dungeon
   446 | D:5      | Reached skill level 6 in Axes
   479 | D:6      | Reached ** piety under Trog
   491 | D:6      | Reached skill level 7 in Axes
   491 | D:6      | Reached XP level 5. HP: 8/45 MP: 4/4
   589 | D:6      | Noticed a phantom
   602 | D:6      | Found a sparkling altar of Nemelex Xobeh.
   603 | D:6      | Found a bloodstained altar of Trog.
   658 | D:8      | Noticed a black bear
   668 | D:8      | Killed a black bear
   668 | D:8      | Reached skill level 8 in Axes
   668 | D:8      | Reached XP level 6. HP: 51/51 MP: 5/5
   682 | D:8      | Noticed a sky beast
   700 | D:8      | HP: 2/51 [sky beast (6)]
   701 | D:8      | Slain by a sky beast

Skill      XL: |  1  2  3  4  5 |
---------------+----------------+-----
Axes           | 4 5 7 8 |  8.3
Fighting       | |  3.6
Armour         | |  2.4
Dodging        | |  2.1

Action                   |  1- 3 |  4- 6 || total
-------------------------+-------+-------++-------
Melee: Hand axe          |    55 |    47 ||   102
       Headbutt          |     6 |     9 ||    15
Invok: Berserk           |     3 |     3 ||     6
       Trog's Hand       |       |     1 ||     1
  Eat: Chunk             |       |     5 ||     5
Armor: Ring mail         |    11 |    22 ||    33
Dodge: Dodged            |    33 |    16 ||    49
